Map: Abyssal Reef LE

Players

Rengen

  • Race: Protoss Protoss
  • League: Master
  • Spawn Location: 5:00

McMonMEMEroe - Winner!

  • Race: Zerg Zerg
  • League: Master
  • Spawn Location: 11:00

VOD

https://go.twitch.tv/videos/186074637

Description

Time

  • Played on: Oct. 28, 2017, 1:50 p.m.
  • Length: 12:14
Show
View Real Time Build Order
Export as new Build Order

Rengen Protoss 

Build Orders: 1 Gate Expand, Oracle Opening, Zealot Archon 

Get SALT Encoding   

  12  0:01  Probe (Chrono Boost)  
  13  0:12  Probe (Chrono Boost)  
  14  0:20  Pylon  
  14  0:22  Probe (Chrono Boost)  
  15  0:38  Probe (Chrono Boost)  
  15  0:42  Gateway  
  16  0:46  Assimilator  
  16  0:49  Probe (Chrono Boost)  
  17  0:59  Probe (Chrono Boost)  
  18  1:10  Probe (Chrono Boost)  
  19  1:23  Nexus  
  19  1:26  Probe (Chrono Boost)  
  20  1:38  Cybernetics Core  
  21  1:40  Probe (Chrono Boost)  
  21  1:48  Assimilator  
  21  1:50  Probe (Chrono Boost)  
  22  1:55  Pylon  
  22  2:01  Probe (Chrono Boost)  
  23  2:13  Probe (Chrono Boost)  
  23  2:14  Adept (Chrono Boost)  
  23  2:15  Warp Gate  
  26  2:25  Probe  
  26  2:29  Stargate  
  27  2:35  Probe (Chrono Boost)  
  28  2:37  Probe (Chrono Boost)  
  28  2:39  Adept (Chrono Boost)  
  31  2:47  Probe (Chrono Boost)  
  31  2:49  Probe (Chrono Boost)  
  33  2:57  Probe (Chrono Boost)  
  34  3:00  Probe (Chrono Boost)  
  35  3:07  Probe (Chrono Boost)  
  35  3:08  Gateway  
  35  3:10  Probe (Chrono Boost)  
  37  3:14  Oracle (Chrono Boost)  
  37  3:18  Gateway, Probe  
  40  3:22  Probe  
  42  3:29  Probe  
  42  3:30  Pylon  
  43  3:34  Probe  
  43  3:38  Assimilator  
  43  3:39  Probe  
  43  3:40  Assimilator  
  45  3:46  Pylon  
  45  3:47  Probe  
  46  3:50  Probe, Oracle (Chrono Boost)  
  50  3:59  Probe  
  50  4:01  Mothership Core  
  53  4:11  Probe  
  54  4:17  Nexus  
  54  4:22  Phoenix (Chrono Boost)  
  54  4:23  Probe  
  57  4:26  Pylon  
  57  4:27  Probe  
  58  4:34  Pylon  
  58  4:40  Twilight Council  
  58  4:43  Forge  
  58  4:45  Probe x2 (Chrono Boost)  
  60  4:56  Probe (Chrono Boost)  
  60  4:57  Probe (Chrono Boost)  
  62  5:02  Pylon  
  62  5:04  Robotics Facility  
  62  5:06  Sentry  
  65  5:07  Probe (Chrono Boost)  
  65  5:10  Pylon  
  65  5:17  Protoss Ground Weapons Level 1 (Chrono Boost)  
  65  5:20  Probe (Chrono Boost)  
  66  5:24  Gateway x2  
  66  5:25  Sentry, Probe (Chrono Boost)  
  69  5:32  Probe x2  
  69  5:33  Templar Archives  
  71  5:35  Probe  
  71  5:39  Charge (Chrono Boost)  
  72  5:44  Probe  
  72  5:46  Gateway  
  72  5:47  Probe  
  72  5:48  Gateway  
  75  5:56  Probe  
  76  5:57  Warp Prism (Chrono Boost)  
  76  5:58  Probe  
  76  6:00  Probe  
  76  6:03  Assimilator  
  79  6:07  Assimilator  
  79  6:08  Probe  
  79  6:10  Pylon  
  80  6:12  Probe  
  80  6:18  Psionic Storm, Probe  
  82  6:20  Probe  
  82  6:21  High Templar x2  
  82  6:24  Probe  
  88  6:27  Pylon  
  88  6:30  Probe  
  89  6:32  Probe  
  89  6:35  Pylon, Archon  
  89  6:36  Probe  
  91  6:42  Probe  
  91  6:44  High Templar x2  
  91  6:45  Pylon, Probe  
  101  6:47  Immortal (Chrono Boost)  
  101  6:48  Probe  
  102  6:57  High Templar x2  
  106  7:07  Nexus  
  106  7:08  Pylon, Gateway x2  
  106  7:11  Protoss Ground Weapons Level 2  
  106  7:13  Pylon, Archon  
  106  7:14  High Templar x2  
  110  7:18  Pylon  
  114  7:23  Immortal (Chrono Boost)  
  114  7:33  Assimilator  
  114  7:36  Pylon  
  114  7:38  Assimilator  
  114  7:44  Zealot  
  114  7:45  Zealot x2  
  114  7:46  Zealot  
  122  7:51  High Templar  
  122  7:52  High Templar, Gateway  
  122  7:53  Gateway  
  126  7:58  Archon  
  126  8:00  Immortal (Chrono Boost)  
  130  8:06  Pylon  
  128  8:14  Zealot x5  
  128  8:15  Zealot x2  
  142  8:27  High Templar x2  
  147  8:34  Observer (Chrono Boost), Photon Cannon  
  147  8:36  Photon Cannon, Archon  
  147  8:38  Zealot  
  147  8:39  Sentry x3  
  147  8:40  Zealot, Photon Cannon  
  132  8:58  Stalker x2  
  131  9:14  Zealot  
  131  9:15  Zealot x6  
  139  9:23  Zealot x2, Warp Prism (Chrono Boost)  
  117  9:36  High Templar x4  
  99  9:41  Archon  
  99  9:42  Archon  
  99  9:44  Probe x3  
  95  9:49  Probe  
  96  9:54  Immortal (Chrono Boost)  
  97  10:00  Probe  
  97  10:01  Probe x2  
  97  10:02  Probe  
  97  10:05  Assimilator  
  101  10:10  High Templar  
  101  10:13  Probe  
  104  10:15  Zealot x4  
  104  10:16  Zealot x4  
  104  10:19  High Templar  
  104  10:20  Probe  
  122  10:21  Probe x2  
  122  10:22  Pylon  
  125  10:40  High Templar x2  
  113  10:46  Immortal (Chrono Boost)  
  113  10:47  High Templar  
  119  10:50  Probe  
  119  10:51  Probe x3  
  118  11:01  Probe  
  118  11:03  Probe  
  119  11:05  High Templar x2  
  119  11:07  Probe x2  
  125  11:11  Probe  
  125  11:15  Probe  
  127  11:20  Immortal (Chrono Boost)  
  117  11:29  Zealot x8  
  94  11:43  Zealot x2  
  82  11:50  Zealot x5  
  74  12:00  Zealot x2  
  70  12:06  Archon x2  
Show
View Real Time Build Order
Export as new Build Order

McMonMEMEroe Zerg - Winner!

Build Orders: Hatch First 

Get SALT Encoding   

  12  0:00  Drone  
  13  0:12  Overlord  
  13  0:16  Drone  
  14  0:30  Drone x2  
  16  0:49  Hatchery  
  15  0:52  Drone  
  15  0:54  Drone  
  17  0:58  Drone  
  18  1:08  Extractor  
  17  1:14  Spawning Pool  
  17  1:17  Drone  
  17  1:20  Drone  
  18  1:28  Drone  
  19  1:38  Overlord  
  19  1:49  Drone  
  20  2:00  Queen  
  20  2:01  Queen  
  22  2:02  Zergling x4  
  26  2:09  Metabolic Boost  
  26  2:10  Drone  
  26  2:13  Drone  
  28  2:23  Drone x2  
  30  2:32  Drone  
  31  2:41  Hatchery  
  30  2:48  Drone  
  30  2:50  Pneumatized Carapace  
  31  2:53  Overlord  
  31  3:01  Drone x3  
  34  3:09  Drone x2  
  36  3:14  Drone x3  
  36  3:16  Overlord  
  39  3:21  Drone x2  
  39  3:23  Drone  
  42  3:28  Queen  
  42  3:34  Overlord  
  44  3:36  Zergling x4  
  46  3:42  Drone x3  
  46  3:47  Evolution Chamber  
  48  3:48  Overlord  
  48  3:50  Drone  
  48  3:53  Drone  
  50  4:02  Spore Crawler, Queen  
  50  4:03  Spore Crawler  
  50  4:04  Spore Crawler  
  50  4:08  Drone x3  
  50  4:14  Zerg Melee Weapons Level 1  
  50  4:21  Drone x3  
  53  4:25  Queen  
  53  4:28  Drone x2  
  53  4:30  Drone  
  58  4:39  Drone x6  
  58  4:44  Zergling x6  
  67  4:51  Zergling x2  
  67  4:52  Zergling x6  
  71  5:03  Overlord x2  
  71  5:07  Overlord  
  71  5:08  Lair  
  71  5:09  Drone  
  71  5:10  Zergling x4, Baneling Nest  
  71  5:11  Zergling x2  
  72  5:22  Drone  
  72  5:23  Zergling x16  
  72  5:27  Extractor x2  
  79  5:29  Drone  
  79  5:35  Drone x5  
  84  5:45  Drone x3  
  84  5:47  Overlord  
  87  5:54  Drone x3  
  90  6:02  Overlord x2  
  90  6:05  Extractor, Hatchery  
  90  6:06  Extractor  
  90  6:07  Hatchery, Extractor  
  85  6:13  Drone x6  
  85  6:17  Centrifical Hooks  
  91  6:20  Zerg Melee Weapons Level 2  
  91  6:23  Hydralisk Den  
  91  6:24  Drone x4  
  94  6:34  Drone  
  94  6:35  Drone x5  
  94  6:39  Overlord  
  99  6:55  Muscular Augments  
  99  7:00  Hydralisk x6  
  111  7:03  Drone x6  
  117  7:11  Overlord, Overseer  
  117  7:15  Overlord  
  117  7:17  Spore Crawler  
  116  7:26  Hydralisk x5  
  126  7:30  Overlord x2  
  126  7:31  Overlord  
  126  7:39  Hydralisk x5  
  136  7:48  Zergling x16  
  136  7:49  Zergling x14  
  151  7:52  Drone x2  
  151  7:53  Drone  
  154  8:09  Baneling x7  
  154  8:13  Baneling x11  
  154  8:16  Hydralisk  
  154  8:18  Overlord x3  
  156  8:26  Zergling x20  
  166  8:32  Hatchery  
  160  8:50  Zergling x10  
  160  8:51  Zergling x22  
  173  9:06  Baneling x13  
  173  9:07  Baneling x11  
  173  9:09  Zergling x22  
  182  9:12  Baneling  
  182  9:13  Baneling x6  
  172  9:23  Drone  
  140  9:32  Zergling x4  
  140  9:33  Zergling x28  
  140  9:35  Hydralisk x2  
  142  9:55  Hatchery, Drone x4  
  142  9:56  Drone  
  142  9:58  Hydralisk x9  
  164  10:13  Zergling x10  
  164  10:14  Zergling x4  
  171  10:16  Baneling x12  
  171  10:17  Overlord  
  171  10:18  Overlord  
  171  10:22  Zergling x10  
  171  10:26  Baneling x5  
  174  10:37  Drone x2  
  174  10:38  Spine Crawler, Drone x2  
  174  10:39  Spine Crawler x2  
  169  11:00  Baneling x8  
  169  11:01  Baneling x5  
  169  11:04  Baneling x5  
  169  11:07  Baneling x9  
  169  11:09  Zergling x52  
  189  11:26  Baneling x13  
  189  11:27  Zergling x10  
  189  11:28  Zergling x10  
  180  11:43  Baneling x11  
  180  11:45  Zergling x8  
  180  11:46  Zergling x38  
Tags
 
Add a new tag
Caveats
  • Supply blocks, unpowered buildings, or Contaminate may cause inaccurate times.
  • Supply counts are checked every 10 seconds.